 Dungeon Crawl Stone Soup version 0.32-a0-675-gdc239d62e1 (webtiles) character file.

Game seed: 3352607475944945770

58 Fodor the Covered (level 3, -6/33 HPs)
             Began as a Minotaur Fighter on Mar 11, 2024.
             Mangled by Grinder (8 damage)
             ... on level 3 of the Dungeon.
             The game lasted 00:04:57 (1004 turns).

Fodor the Covered (Minotaur Fighter)                Turns: 1004, Time: 00:04:58

Health: -6/33      AC: 16    Str: 22    XL:     3   Next: 76%
Magic:  2/2        EV:  3    Int:  5    God:
Gold:   93         SH:  4    Dex:  9    Spells: 2/2 levels left

rFire   . . .        a - +0 war axe
rCold   . . .        c - +0 buckler
rNeg    . . .        g - +0 crystal plate armour
rPois   .            (helmet restricted)
rElec   .            (no cloak)
rCorr   .            (no gloves)
SInv    .            (no boots)
Will    .....        (no amulet) Stlth
                     (no ring)
HPRegen 0.25/turn    (no ring)
MPRegen 0.08/turn

%: no passive effects
@: mighty, invisible
A: horns 2, retaliatory headbutt
a: no special abilities


You were on level 3 of the Dungeon.
You visited 1 branch of the dungeon, and saw 3 of its levels.

You collected 93 gold pieces.

Inventory:

Hand Weapons
 a - a +0 war axe (weapon)
Armour
 c - a +0 buckler (worn)
 g - a +0 crystal plate armour (worn)
 l - the +1 scale mail "Yleihaczou" {Rampage Regen+}
   (You found it on level 2 of the Dungeon)

   Regen+:    It increases your rate of health regeneration.
   Rampage:   It bestows one free step when moving towards enemies.
Jewellery
 k - a ring of ice
Talismans
 b - a beast talisman
Scrolls
 e - a scroll of blinking {unknown}
 f - a scroll of identify {unknown}
 h - a scroll of brand weapon {unknown}
 i - 2 scrolls of teleportation {unknown}
Potions
 d - 2 potions of might


   Skills:
 + Level 3.9 Fighting
 + Level 3.6 Axes
 + Level 4.2 Armour
 + Level 0.5 Dodging
 + Level 4.1 Shields


You had 2 spell levels left.
You didn't know any spells.
Your spell library contained the following spells:

 Spells                   Type           Power      Damage    Failure   Level
 Inner Flame              Hex/Fire       0%         N/A       100%        3
 Flame Wave               Conj/Fire      0%         2d4       100%        4
 Sticky Flame             Fire/Alch      0%         2d4       100%        4


Dungeon Overview and Level Annotations

Branches:
Dungeon (3/15)

Altars:

Shops:
D:1 =

Annotations:
D:3 Grinder


Innate Abilities, Weirdness & Mutations

You have a pair of horns on your head.
You reflexively headbutt those who attack you in melee.


Message History

Grinder is moderately wounded.
Grinder hits you.
You hit Grinder.
Grinder is moderately wounded.
Grinder hits you. You block Grinder's attack.
You barely miss Grinder.
Grinder is moderately wounded.
Grinder gestures at you.
You suddenly lose the ability to move!
Grinder hits you but does no damage. x3
You can move again.
You closely miss Grinder.
Grinder is moderately wounded.
Grinder hits you!
You writhe in agony.
Grinder barely misses you. You furiously retaliate!
You headbutt Grinder! You closely miss Grinder. You headbutt Grinder.
Grinder is heavily wounded.
Grinder hits you.
You closely miss Grinder.
Grinder is heavily wounded.
You block Grinder's attack.
You hit Grinder but do no damage.
Grinder is heavily wounded.
Grinder barely misses you. You furiously retaliate!
You headbutt Grinder. Grinder hits you!
* * * LOW HITPOINT WARNING * * *
You writhe in agony.
* * * LOW HITPOINT WARNING * * *
It was a potion of invisibility.
You fade into invisibility!
Grinder gestures at you.
You barely resist.
You feel very mighty all of a sudden. You block Grinder's attack.
You catch the helpless Grinder completely off-guard!
You slash Grinder!
Grinder is almost dead.
Grinder hits you!
You die...
Grinder says, "Now the real fun starts!"

....~..........####>.#
................## #.#
.........~.......# ..
.........~~..#.#....
.. ..............#####
........!.....#
####.........#
##$........#
#.@....~....
#.†5..~⌠.....
##......~.....
#.†..........
................)
................
.........~~....#
.........~....##
........§....##


You could see Grinder (unable to see you).

Vanquished Creatures
  An adder (D:2)
  A ball python (D:2)
  2 endoplasms
  2 giant cockroaches
  2 goblins (D:2)
  4 hobgoblins
  12 jackals
  4 kobolds
  7 bats
  3 frilled lizards (D:2)
  5 rats
43 creatures vanquished.

Notes
Turn   | Place    | Note
-------+----------+-------------------------------------------
     0 | D:1      | Fodor the Minotaur Fighter began the quest for the Orb.
     0 | D:1      | Reached XP level 1. HP: 19/19 MP: 0/0
    88 | D:1      | Found Lubliq's Jewellery Shoppe.
   154 | D:1      | Reached XP level 2. HP: 27/27 MP: 1/1
   619 | D:2      | Identified the +1 scale mail "Yleihaczou" {Rampage Regen+}
   687 | D:2      | Reached XP level 3. HP: 33/33 MP: 2/2
   984 | D:3      | Noticed Grinder
   994 | D:3      | Paralysed by Grinder for 4 turns
  1001 | D:3      | HP: 1/33 [Grinder (5)]
  1004 | D:3      | Mangled by Grinder

Illustrated notes

Levels and vault maps discovered:
D:1:      tarquinn_simple_flora_water_e, layout_basic, serial_shops, shop,
          minivault_27
D:2:      layout_rooms, grunt_ministairs_5
D:3:      layout_rooms, interstate_on_off, kennysheep_decorative_pillar,
          st_stairs_2, wad_orctagon, uniq_grinder

Skill      XL: |  1  2 |
---------------+-------+-----
Shields        | 4 |  4.1
Armour         | 4 |  4.2
Axes           | 3 |  3.6
Fighting       | |  3.9
Dodging        | |  0.5

Action                     || total
---------------------------++-------
  Melee: War axe           ||    85
         Headbutt          ||     8
    Use: Potion            ||     2
   Stab: Invisible         ||     1
 Armour: Scale mail        ||    15
         Crystal plate arm ||    96
  Dodge: Dodged            ||    27
  Block: Buckler           ||    34

Table legend: (Time is in decaauts)
 A = Elapsed time spent in this place.
 B = Non-inter-level travel time spent in this place.
 C = Inter-level travel time spent in this place.
 D = Time resting spent in this place.
 E = Time spent auto-exploring this place.
 F = Levels seen in this place.
 G = Mean time per level.
                   A        B        C        D        E       F      G
               +--------+--------+--------+--------+--------+-----+--------+
         Total |   1036 |   1024 |     12 |      0 |    602 |   3 |  345.3 |
       Dungeon |   1036 |   1024 |     12 |      0 |    602 |   3 |  345.3 |
               +--------+--------+--------+--------+--------+-----+--------+

Top non-repeatable levels by time:
     D:1: 506 daAuts
     D:2: 456 daAuts
     D:3: 73 daAuts
